 Dungeon Crawl Stone Soup version 0.23-a0-338-g8ff0b24 (webtiles) character file.

11272 Garbasso the Cleaver (level 11, -5/91 HPs)
             Began as a Demonspawn Fighter on Oct 18, 2018.
             Was an Elder of Makhleb.
             Slain by a large slime creature (25 damage)
             ... on level 11 of the Dungeon.
             The game lasted 00:36:29 (12542 turns).

Garbasso the Cleaver (Demonspawn Fighter)          Turns: 12542, Time: 00:36:31

Health: -5/91      AC: 24    Str: 25    XL:     11   Next: 47%
Magic:  18/18      EV:  2    Int: 13    God:    Makhleb [****..]
Gold:   1129       SH: 11    Dex: 13    Spells: 10/10 levels left

rFire    + . .     SeeInvis .   a - +4 broad axe (chop)
rCold    . . .     Gourm    .   c - +0 shield
rNeg     . . .     Faith    .   Q - +0 crystal plate armour
rPois    .         Spirit   .   y - +0 helmet
rElec    .         Reflect  .   F - scarf {cloud immunity}
rCorr    .         Harm     .   D - +0 pair of gloves
MR       .....                  (no boots)
Stlth    ..........             w - amulet of Royalty {+Rage Str+5}
HPRegen  0.25/turn              q - +4 ring of strength
MPRegen  0.16/turn              K - +4 ring of protection

@: no status effects
A: hooves 2, rugged brown scales 2, fire resistance 1, nightstalker 1
a: Minor Destruction, Lesser Servant of Makhleb, Major Destruction, Renounce
Religion, Evoke Berserk Rage


You were on level 11 of the Dungeon.
You worshipped Makhleb.
Makhleb was greatly pleased with you.
You were not hungry.

You visited 1 branch of the dungeon, and saw 11 of its levels.
You also visited: Bailey.

You collected 1262 gold pieces.
You spent 133 gold pieces at shops.

Inventory:

Hand Weapons
 a - a +4 broad axe of chopping (weapon)
 b - a +0 hunting sling
 d - a +1 morningstar of draining
 P - a +0 hunting sling of flaming
Missiles
 i - 67 sling bullets
 v - 3 tomahawks (quivered)
 C - 10 throwing nets
 I - a javelin
 J - 2 steel tomahawks
Armour
 c - a +0 shield (worn)
 x - a +3 scale mail of poison resistance
 y - a +0 helmet (worn)
 D - a +0 pair of gloves (worn)
 F - a scarf of cloud immunity (worn)
 Q - a +0 crystal plate armour (worn)
Jewellery
 e - a +3 ring of intelligence
 p - an uncursed ring of see invisible
 q - a +4 ring of strength (left hand)
 w - the amulet of Royalty (around neck) {+Rage Str+5}
   (You found it on level 6 of the Dungeon)

   [amulet of rage]

   It affects your strength (+5).
   It lets you go berserk.
 A - an uncursed ring of fire
 B - a +3 ring of protection
 K - a +4 ring of protection (right hand)
Wands
 j - a wand of digging (14)
 l - a wand of polymorph (24)
 s - a wand of disintegration (12)
 L - a wand of random effects (22)
Scrolls
 h - a scroll of remove curse
 k - a scroll of identify
 o - 5 scrolls of immolation
 u - 4 scrolls of blinking
 E - 3 scrolls of teleportation
 O - 2 scrolls of enchant armour
 R - a scroll of fog
Potions
 g - a potion of heal wounds
 m - 3 potions of curing
 n - a potion of cancellation
 r - 2 potions of agility
 t - 4 potions of ambrosia
 G - 2 potions of berserk rage
 H - a potion of resistance
 M - a potion of magic
 N - a potion of flight
Comestibles
 f - 17 rations
 z - 5 chunks of flesh


   Skills:
 + Level 8.9 Fighting
 * Level 10.7 Axes
 + Level 3.6 Armour
 + Level 8.1 Shields
 + Level 10.0 Invocations


You had 10 spell levels left.
You didn't know any spells.
Your spell library contained the following spells:

 Spells                   Type           Power        Failure   Level  Hunger
 Summon Small Mammal      Summ           #...         100%        1    ##.....
 Call Imp                 Summ           #.......     100%        2    ###....
 Call Canine Familiar     Summ           #.......     100%        3    ####...
 Summon Guardian Golem    Hex/Summ       #.......     100%        3    ####...
 Summon Ice Beast         Ice/Summ       #.......     100%        4    #####..
 Summon Lightning Spire   Summ/Air       #.......     100%        4    #####..


Dungeon Overview and Level Annotations

Branches:
Dungeon (11/15)            Temple (0/1) D:6            Lair (0/6) D:11
    Orc: D:9-12

Altars:
Ashenzari
Dithmenos
Fedhas
Gozag
Hepliaklqana
Makhleb
Okawaru
Sif Muna
Trog
Uskayaw
Xom
Yredelemnul
The Shining One

Shops:
D:6 (

Annotations:
D:4 exclusion: oklob plant
D:6 exclusion: door


Innate Abilities, Weirdness & Mutations

You have hoof-like feet.
You are mostly covered in rugged brown scales. (AC +2, +5% HP)
Your flesh is heat resistant. (rF+)
You are slightly more attuned to the shadows.


Message History

Two slime creatures merge to form a large slime creature.
Press: ? - help, Shift-Dir - straight line, f/p - large slime creature
Aim: a large slime creature (lightly wounded)
The glob of acid hits the large slime creature.
The large slime creature is splashed with acid.
The acid corrodes the large slime creature!
The large slime creature is moderately wounded.
The large slime creature is splashed with acid.
The acid corrodes the large slime creature!
Press: ? - help, Shift-Dir - straight line, f/p - large slime creature
Aim: a large slime creature (moderately wounded, covered in acid)
The glob of acid hits the large slime creature.
The large slime creature is splashed with acid.
The acid corrodes the large slime creature!
The large slime creature is heavily wounded.
The large slime creature is splashed with acid.
The acid corrodes the large slime creature!
Some of the chunks of flesh in your inventory have rotted away.
The large slime creature hits you!!
You die...

###### #### ##### #....#
#.>## ###..#.
#.######.#.#####.#.###
###...##.#......##......
#.'#.#..###...#.........
#.###.#...............##
#.# ##.@J...#....)##.###
#####..##........####...
#......###..#### ####
#######.###.# # ### ###


You could see a large slime creature.

Vanquished Creatures
  A two-headed ogre (D:11)
  A centaur skeleton (D:11)
  3 gargoyles (D:7)
  2 komodo dragons (D:11)
  Prince Ribbit (D:8)
  2 hippogriffs
  A wraith (D:11)
  A spriggan (D:7)
  16 yaks
  2 wyverns
  Eustachio (D:6)
  A hungry ghost (D:9)
  2 steam dragons
  A water moccasin (D:6)
  An acid dragon (D:11)
  An ice beast (D:11)
  An orc warrior (D:11)
  2 sky beasts
  2 phantoms
  An eye of draining (D:10)
  An ogre (D:11)
  2 centaurs (D:10)
  3 crocodiles
  8 gnoll sergeants (Bailey)
  5 bullfrogs
  4 scorpions
  4 wights (D:8)
  5 electric eels
  3 howler monkeys (D:9)
  5 crimson imps
  A jelly (D:7)
  2 quasits
  A bullfrog zombie (D:9)
  5 hounds
  8 orc priests
  6 gnoll shamans (Bailey)
  14 orc wizards
  5 worker ants
  Ijyb (D:4)
  16 gnolls
  2 howler monkey skeletons
  A howler monkey zombie (D:10)
  A worker ant zombie (D:10)
  4 adders
  2 shadow imps
  An ooze (D:3)
  3 worms
  An adder skeleton (D:5)
  An adder zombie (D:6)
  3 dart slugs
  5 leopard geckos
  38 orcs
  5 giant cockroaches
  8 goblins
  8 hobgoblins
  6 jackals
  4 quokkas
  A ball python (D:3)
  6 bats
  4 frilled lizards
  6 kobolds
  2 leopard gecko skeletons
  A leopard gecko zombie (D:9)
  3 rats
258 creatures vanquished.

Vanquished Creatures (collateral kills)
  A slime creature (D:11)
  A hornet (D:9)
  An orc (D:9)
3 creatures vanquished.

Grand Total: 261 creatures vanquished

Notes
Turn   | Place    | Note
-------+----------+-------------------------------------------
     0 | D:1      | Garbasso the Demonspawn Fighter began the quest for the
                  | Orb.
     0 | D:1      | Reached XP level 1. HP: 18/18 MP: 1/1
   283 | D:1      | Gained mutation: You are partially covered in rugged brown
                  | scales. (AC +1, +3% HP) [demonic ancestry]
   283 | D:1      | Reached XP level 2. HP: 18/24 MP: 2/2
  1069 | D:2      | Found an opulent altar of Gozag.
  1069 | D:2      | Found a blossoming altar of Fedhas.
  1071 | D:2      | Found a shattered altar of Ashenzari.
  1074 | D:2      | Found a deep blue altar of Sif Muna.
  1160 | D:2      | Gained mutation: You are mostly covered in rugged brown
                  | scales. (AC +2, +5% HP) [demonic ancestry]
  1160 | D:2      | Reached XP level 3. HP: 21/30 MP: 3/3
  1248 | D:2      | Found a bloodstained altar of Trog.
  1395 | D:2      | Found an iron altar of Okawaru.
  1817 | D:3      | Gained mutation: You are slightly more attuned to the
                  | shadows. [demonic ancestry]
  1817 | D:3      | Reached XP level 4. HP: 32/36 MP: 4/4
  2922 | D:4      | Noticed Ijyb
  2939 | D:4      | Killed Ijyb
  2960 | D:4      | Found a burning altar of Makhleb.
  2974 | D:4      | Became a worshipper of Makhleb the Destroyer
  2975 | D:4      | Reached XP level 5. HP: 35/44 MP: 5/5
  3320 | D:4      | Noticed a hand axe
  3321 | D:4      | Found a hide-covered altar of Uskayaw.
  3322 | D:4      | Noticed a hand axe
  3459 | D:4      | Found a blossoming altar of Fedhas.
  3477 | D:4      | Noticed an oklob plant
  3807 | D:5      | Entered Level 5 of the Dungeon
  3956 | D:5      | Reached skill level 1 in Invocations
  4015 | D:5      | Reached XP level 6. HP: 41/50 MP: 7/7
  4286 | D:5      | Noticed a sky beast
  4292 | D:5      | Killed a sky beast
  4439 | D:5      | Found a shadowy altar of Dithmenos.
  4803 | D:6      | Found Fafuraumn's Antique Weapon Boutique.
  4997 | D:6      | Bought a runed broad axe for 133 gold pieces
  5086 | D:6      | Gained mutation: You have large cloven feet. [demonic
                  | ancestry]
  5086 | D:6      | Reached XP level 7. HP: 57/57 MP: 9/9
  5101 | D:6      | Got a warped diamond amulet
  5102 | D:6      | Identified the amulet of Royalty {+Rage Str+5} (You found
                  | it on level 6 of the Dungeon)
  5175 | D:6      | Reached * piety under Makhleb
  5175 | D:6      | Reached skill level 5 in Axes
  5346 | D:6      | Noticed Eustachio
  5350 | D:6      | Found a staircase to the Ecumenical Temple.
  5363 | D:6      | Killed Eustachio
  5363 | D:6      | Reached skill level 5 in Fighting
  5439 | D:6      | Found a basalt altar of Yredelemnul.
  5533 | D:6      | Reached XP level 8. HP: 56/65 MP: 11/11
  6159 | D:7      | Found a shimmering altar of Xom.
  6175 | D:7      | Reached skill level 5 in Shields
  6280 | D:7      | Reached skill level 5 in Invocations
  6617 | D:7      | Noticed a gargoyle
  6622 | D:7      | Killed a gargoyle
  6699 | D:7      | Noticed a gargoyle
  6699 | D:7      | Noticed a gargoyle
  6699 | D:7      | Noticed a gargoyle
  6870 | D:7      | Killed a gargoyle
  6870 | D:7      | Reached XP level 9. HP: 39/72 MP: 13/13
  7047 | D:7      | Killed a gargoyle
  7598 | D:8      | Found a glowing golden altar of the Shining One.
  7623 | D:8      | Noticed Prince Ribbit
  7628 | D:8      | Found a hazy altar of Hepliaklqana.
  7767 | D:8      | Found a flagged portal.
  7771 | D:8      | Reached ** piety under Makhleb
  7797 | Bailey   | Entered a bailey
  9540 | D:8      | Killed Prince Ribbit
  9540 | D:8      | Reached *** piety under Makhleb
  9540 | D:8      | Gained mutation: You have hoof-like feet. [demonic
                  | ancestry]
  9540 | D:8      | Reached XP level 10. HP: 74/82 MP: 15/15
 10996 | D:10     | Entered Level 10 of the Dungeon
 11503 | D:10     | Reached **** piety under Makhleb
 11503 | D:10     | Reached skill level 10 in Axes
 11923 | D:11     | Gained mutation: Your flesh is heat resistant. (rF+)
                  | [demonic ancestry]
 11923 | D:11     | Reached XP level 11. HP: 70/91 MP: 16/18
 12034 | D:11     | Identified a scroll of acquirement
 12109 | D:11     | Noticed a two-headed ogre
 12122 | D:11     | Killed a two-headed ogre
 12293 | D:11     | Reached skill level 10 in Invocations
 12294 | D:11     | Found a staircase to the Lair.
 12542 | D:11     | Slain by a large slime creature

Vault maps used:
D:1:      nzn_arrival_depleted_hourglass, chequers_garden
D:2:      kennysheep_okawaru_gauntlet, lemuel_doored_altar, minitemple,
          first_ration
D:4:      dancing_weapons_uskayaw, makhleb_blood_cavern_becter, tgw_fedhas,
          uniq_ijyb
D:5:      grunt_dithmenos_shadows
D:6:      kennysheep_mini, temple_pool_b, serial_shops, shop,
          kennysheep_generic_room_2, uniq_eustachio
D:7:      cheibrodos_statue_roulette, basic_altar, the_bakery,
          minmay_crystal_water, uniq_pikel, uniq_crazy_yiuf_cottage
D:8:      tso_oasis_becter, old_standard_altar, enter_bailey_7,
          hangedman_decor_push, water_maze_lemuel, uniq_prince_ribbit1
D:10:     kennysheep_flooded_box
D:11:     erik_lair_dragon, minmay_orc_entry_guard_dogs
Bailey:   bailey_polearm_gnolls_kennysheep, bailey

Skill      XL: |  1  2  3  4  5  6  7  8  9 10 11 |
---------------+----------------------------------+-----
Axes           | 2 3 4 5 7 8 10 | 10.7
Shields        | 3 4 5 6 7 8 |  8.1
Fighting       | 4 5 6 7 8 |  8.9
Invocations    | 1 2 4 6 7 9 10 | 10.0
Armour         | 3 |  3.6

Action                   |  1- 3 |  4- 6 |  7- 9 | 10-12 || total
-------------------------+-------+-------+-------+-------++-------
Melee: War axe           |   139 |   140 |       |       ||   279
       Broad axe         |       |     2 |   224 |   220 ||   446
       Kick              |       |       |    70 |    81 ||   151
 Fire: Hunting sling     |       |    12 |     5 |       ||    17
Throw: Stone             |     6 |     5 |       |       ||    11
       Javelin           |       |     1 |     2 |       ||     3
       Tomahawk          |       |       |     4 |     2 ||     6
Invok: Minor Destruction |       |       |     9 |    24 ||    33
       Lesser Servant of |       |       |       |     6 ||     6
       Major Destruction |       |       |       |     1 ||     1
  Use: Scroll            |       |    11 |    10 |     6 ||    27
       Potion            |       |       |     2 |     1 ||     3
  Eat: Chunk             |     3 |    10 |    11 |     8 ||    32
       Ration            |       |       |     1 |     1 ||     2
Armor: Chain mail        |   100 |    17 |       |       ||   117
       Scale mail        |       |    39 |   145 |    71 ||   255
       Skin              |       |     6 |       |       ||     6
       Crystal plate arm |       |       |       |    27 ||    27
Dodge: Dodged            |    32 |    29 |    89 |    39 ||   189
Block: Shield            |    82 |    53 |   173 |   131 ||   439

Table legend:
 A = Non-vault XP
 B = Vault XP
 C = Vault XP percentage of total XP
 D = Non-vault monster count
 E = Vault monster count
 F = Vault count percentage of total count
                 A         B        C        D         E       F
            +---------+---------+-------+---------+---------+-------
      Total |   11928 |    4175 |  25.9 |     213 |      48 |  18.4
            +---------+---------+-------+---------+---------+-------
        D:1 |      29 |       0 |   0.0 |      15 |       0 |   0.0
        D:2 |      32 |       0 |   0.0 |      12 |       0 |   0.0
        D:3 |      71 |       0 |   0.0 |      24 |       0 |   0.0
        D:4 |      15 |      76 |  83.5 |       5 |       2 |  28.6
        D:5 |     350 |     125 |  26.3 |      14 |       1 |   6.7
        D:6 |     484 |     255 |  34.5 |      15 |       2 |  11.8
        D:7 |     565 |    1402 |  71.3 |      15 |       4 |  21.1
        D:8 |     919 |     276 |  23.1 |      27 |       5 |  15.6
        D:9 |    2298 |       0 |   0.0 |      34 |       0 |   0.0
       D:10 |    2114 |       0 |   0.0 |      24 |       0 |   0.0
       D:11 |    5051 |     839 |  14.2 |      28 |       4 |  12.5
     Bailey |       0 |    1202 | 100.0 |       0 |      30 | 100.0
            +---------+---------+-------+---------+---------+-------
